 Dungeon Sprint DCSS version 0.21.1-1-g345015f (webtiles) character file.

3200000 nuthulu the Axe Maniac (level 20, -104/216 HPs)
             Began as a Minotaur Berserker on Mar 21, 2018.
             Annihilated by a large bag of meat
             ... wielding a +9 giant spiked club
              (112 damage)
             ... in the Dungeon (Sprint VIII: "Arena of Blood").
             The game lasted 00:02:12 (32 turns).

nuthulu the Axe Maniac (Minotaur Berserker)           Turns: 32, Time: 00:02:13

Health: -104/216   AC:  4    Str: 27    XL:     20   Next: 33%
Magic:  19/43      EV: 31    Int:  4    God:
Gold:   0          SH:  0    Dex: 14    Spells: 59/59 levels left

rFire    . . .     SeeInvis .   j - +∞ Axe of Woe
rCold    . . .     Gourm    .   (shield currently unavailable)
rNeg     . . .     Faith    .   b - +0 animal skin
rPois    .         Spirit   .   (helmet restricted)
rElec    .         Reflect  .   (no cloak)
rCorr    .         Harm     .   (no gloves)
MR       +....     NoTele   +   (no boots)
Stlth    +++++++++.             (no amulet)
HPRegen  0.46/turn              (no ring)
MPRegen  0.28/turn              (no ring)

@: no status effects
A: retaliatory headbutt, horns 2
a: no special abilities


You were in the Dungeon.
You were not hungry.

You visited 1 branch

Inventory:

Hand Weapons
 a - a +0 hand axe
 j - the +∞ Axe of Woe (weapon)
   (You found it in the Dungeon)
Armour
 b - a +0 animal skin (worn)
Scrolls
 i - a scroll of blinking
Potions
 d - a potion of curing
 e - a potion of heal wounds
 f - a potion of haste
 g - 2 potions of magic
 h - a potion of berserk rage
Comestibles
 c - a ration


   Skills:
 O Level 27 Fighting
 O Level 27 Axes
 O Level 27 Throwing
 O Level 27 Armour
 O Level 27 Dodging
 + Level 24.8 Stealth
 O Level 27 Unarmed Combat
 + Level 20.2 Spellcasting


You had 59 spell levels left.
You didn't know any spells.

Dungeon Overview and Level Annotations

Branches:
Dungeon (1/1)

Altars:
Makhleb

Annotations:
D The Servant


Innate Abilities, Weirdness & Mutations

You reflexively headbutt those who attack you in melee.
You have a pair of horns on your head.


Message History

You kill the bag of meat!
Your Stealth skill increases to level 24!
Your Spellcasting skill increases to level 20!
You hear a shout! x7
The eight-headed meat hydra calls on the powers of darkness!
The eight-headed meat hydra convulses!
Your body is wracked with pain!
You hear a shout! x2
The meat berserker rages.
Harold the Weathered comes into view.
He is wielding a +9 glaive of flaming.
Unknown command.
A bag of meat comes into view. It is wielding a +9 war axe.
You hear a shout! x8
The Servant moves out of view.
You hear a shout! x2
The bag of meat moves out of view.
The large bag of meat hits you with a +9 giant spiked club!!!
* * * LOW HITPOINT WARNING * * *
The large bag of meat hits you with a +9 giant spiked club!!!!
Ouch! That really hurt!
You die...

... .. #.. .# o
#.. ..# .O###..
..###.
.O....###......
..O.._......
#O))).# #_@<)_#
#o.)..#
....._......
......###.....D
..###.. ..###.
. #.o ..# #..
.# ... ..


You could see 2 large bags of meat, 2 meat berserkers and 3 bags of meat.

Vanquished Creatures
  7 ogres (D)
  13 orcs (D)
20 creatures vanquished.

Notes
Turn   | Place    | Note
-------+----------+-------------------------------------------
     0 | D        | Found the +∞ Axe of Woe
     0 | D        | nuthulu the Minotaur Berserker began the quest for the Orb.
     0 | D        | Reached XP level 1. HP: 19/19 MP: 0/0
     3 | D        | Noticed a bag of meat
     3 | D        | Noticed a bag of meat
     3 | D        | Noticed a bag of meat
     3 | D        | Noticed a bag of meat
     4 | D        | Noticed a bag of meat
     5 | D        | Noticed a bag of meat
     6 | D        | Noticed a meat berserker
     6 | D        | Noticed a meat berserker
     9 | D        | Killed a bag of meat
     9 | D        | Reached skill level 27 in Axes
     9 | D        | Reached skill level 10 in Dodging
     9 | D        | Reached XP level 2. HP: 41/41 MP: 1/1
     9 | D        | Reached XP level 3. HP: 48/48 MP: 2/2
     9 | D        | Reached XP level 4. HP: 56/56 MP: 3/3
     9 | D        | Reached XP level 5. HP: 62/62 MP: 4/4
     9 | D        | Reached XP level 6. HP: 70/70 MP: 5/5
     9 | D        | Reached XP level 7. HP: 77/77 MP: 6/6
     9 | D        | Reached XP level 8. HP: 83/83 MP: 7/7
     9 | D        | Reached XP level 9. HP: 90/90 MP: 8/8
     9 | D        | Reached XP level 10. HP: 97/97 MP: 9/9
     9 | D        | Reached XP level 11. HP: 104/104 MP: 10/10
     9 | D        | Killed a bag of meat
     9 | D        | Reached ** piety under Trog
     9 | D        | Reached XP level 12. HP: 127/127 MP: 11/11
     9 | D        | Killed a bag of meat
     9 | D        | Reached XP level 13. HP: 143/143 MP: 12/12
    10 | D        | Noticed a meat berserker
    10 | D        | Killed a meat berserker
    10 | D        | Reached XP level 14. HP: 163/163 MP: 13/13
    10 | D        | Killed a bag of meat
    10 | D        | Reached *** piety under Trog
    10 | D        | Reached skill level 27 in Fighting
    10 | D        | Reached XP level 15. HP: 174/174 MP: 14/14
    10 | D        | Reached skill level 27 in Dodging
    10 | D        | Reached skill level 10 in Armour
    10 | D        | Killed a meat berserker
    10 | D        | Reached XP level 16. HP: 183/183 MP: 15/15
    14 | D        | Noticed a meat berserker
    14 | D        | Killed a meat berserker
    14 | D        | Reached **** piety under Trog
    14 | D        | Reached XP level 17. HP: 155/191 MP: 16/16
    14 | D        | Reached skill level 27 in Armour
    17 | D        | Noticed a meat berserker
    17 | D        | Noticed a meat berserker
    18 | D        | Noticed a meat berserker
    19 | D        | Killed a meat berserker
    19 | D        | Reached skill level 27 in Unarmed Combat
    19 | D        | Killed a meat berserker
    19 | D        | Reached skill level 10 in Spellcasting
    19 | D        | Reached XP level 18. HP: 120/200 MP: 16/31
    22 | D        | Killed a meat berserker
    22 | D        | Reached skill level 15 in Stealth
    22 | D        | Killed a meat berserker
    22 | D        | Reached * piety under Trog
    22 | D        | Fell from the grace of Trog
    22 | D        | Reached XP level 19. HP: 127/207 MP: 16/36
    26 | D        | Noticed a large bag of meat
    26 | D        | Reached skill level 27 in Throwing
    26 | D        | Reached skill level 15 in Spellcasting
    29 | D        | Noticed a meat berserker
    30 | D        | Noticed an eight-headed meat hydra
    30 | D        | Reached XP level 20. HP: 136/216 MP: 18/42
    31 | D        | Noticed a meat berserker
    32 | D        | Noticed The Servant
    32 | D        | HP: 8/216 [large bag of meat/+9 giant spiked club (62)]
    32 | D        | Annihilated by a large bag of meat

Skill      XL: |  1  2  3  4  5  6  7  8  9 10 11 12 13 14 15 16 17 18 19 20 |
---------------+-------------------------------------------------------------+-----
Axes           | 27 | 27.0
Fighting       | 12 18 21 25 27 | 27.0
Dodging        | 10 16 19 24 26 27 | 27.0
Armour         | 19 25 27 | 27.0
Unarmed Combat | 17 23 27 | 27.0
Throwing       | 18 24 27 | 27.0
Stealth        | 12 17 23 24 | 24.8
Spellcasting   | 10 14 19 20 | 20.2

Action                   |  1- 3 |  4- 6 |  7- 9 | 10-12 | 13-15 | 16-18 | 19-21 || total
-------------------------+-------+-------+-------+-------+-------+-------+-------++-------
Melee: Executioner's axe |     1 |       |       |       |     1 |     4 |     5 ||    11
Invok: Trog's Hand       |       |       |       |       |       |     1 |       ||     1
Dodge: Dodged            |       |       |       |       |     1 |       |       ||     1
